AoeStats
← Erickinio

Black Forest

509983202Analyzed
2v2 RM · 3d ago on Sep 28, 2026· 61m 51s· 4 players
Game mode
Random Map
Map size
Medium (4 player)
Population
200
Speed
Normal
Resources
Standard
Victory
Conquest
Starting age
Dark Age
Ending age
Imperial Age
RankedLock teamsTeams togetherTeam positionsShared explorationLock speedFull tech treeHidden civsTurbo modeCheats
Victory
Defeat
🇲🇽 Lithuanians · Mexico
833
+48
🇬🇧 Malay · United Kingdom
801
+18
🇦🇷 Celts · Argentina
928
-21
🇦🇷 Bulgarians · Argentina
774
-14
Dad16456
10:20 Feudal Age
10:47 Wheelbarrow
10:10 Double-Bit Axe
10:38 Loom
18:10 Castle Age
19:12 Hand Cart
26:23 Forging
26:57 Town Watch
28:42 Squires
28:27 Arson
31:33 Iron Casting
32:19 Bow Saw
33:54 Horse Collar
38:07 Imperial Age
37:01 Capped Ram
38:11 Conscription
38:09 Elite Karambit Warrior
39:28 Fletching
41:04 Blast Furnace
Gregoryjerc
11:36 Feudal Age
16:55 Castle Age
15:52 Double-Bit Axe
17:20 Stone Mining
33:59 Gold Mining
34:45 Stone Shaft Mining
35:31 Bow Saw
37:26 Wheelbarrow
37:09 Fervor
40:37 Hand Cart
43:03 Husbandry
44:14 Loom
46:35 Scale Barding Armor
46:30 Scale Mail Armor
46:41 Forging
46:37 Hill Forts
47:06 Caravan
51:11 Imperial Age
51:52 Chain Barding Armor
51:47 Chain Mail Armor
52:08 Iron Casting
51:51 Fortified Wall
51:21 Treadmill Crane
51:36 Elite Leitis
56:16 Plate Barding Armor
55:57 Capped Ram
57:41 Conscription
58:35 Chemistry
57:56 Ballistics
57:33 Murder Holes
57:28 Guard Tower
58:14 Bloodlines
58:59 Hoardings
ChAp
0:38 Loom
13:48 Feudal Age
15:13 Double-Bit Axe
15:16 Horse Collar
16:24 Wheelbarrow
19:30 Gold Mining
24:26 Castle Age
23:44 Forging
23:36 Scale Mail Armor
26:45 Bow Saw
26:35 Light Cavalry
29:25 Hand Cart
29:07 Stone Mining
31:59 Gambesons
33:01 Pikeman
34:05 Squires
37:07 Elite Skirmisher
39:54 Masonry
40:05 Ballistics
39:41 Murder Holes
40:03 Chain Mail Armor
39:39 Fletching
39:49 Padded Archer Armor
39:56 Scale Barding Armor
40:27 Iron Casting
46:04 Leather Archer Armor
45:45 Bodkin Arrow
46:05 Heavy Plow
48:55 Bloodlines
61:09 Heavy Plow
Erickinio
0:42 Loom
14:07 Feudal Age
14:21 Man-at-Arms
14:47 Arson
15:25 Double-Bit Axe
19:19 Forging
19:12 Scale Mail Armor
25:26 Wheelbarrow
29:13 Castle Age
27:26 Gold Mining
27:27 Stone Mining
30:54 Long Swordsman
31:20 Gambesons
31:33 Pikeman
35:32 Bow Saw
36:40 Gold Shaft Mining
37:22 Murder Holes
38:34 Chain Mail Armor
40:16 Iron Casting
40:11 Stronghold
41:44 Hand Cart
42:45 Stone Shaft Mining
45:18 Imperial Age
43:00 Fletching
43:11 Padded Archer Armor
43:47 Town Watch
44:20 Masonry
44:31 Ballistics
45:16 Bodkin Arrow
45:37 Leather Archer Armor
46:00 Fortified Wall
46:23 Conscription
46:14 Furor Celtica
46:47 Town Patrol
46:36 Heavy Scorpion
47:43 Onager
47:55 Halberdier
48:32 Horse Collar
50:48 Siege Engineers
51:43 Chemistry
51:42 Elite Woad Raider
53:25 Blast Furnace
53:09 Heavy Plow
57:15 Plate Mail Armor
58:21 Ring Archer Armor
Connection lost

Rejoining the realm…

Still unreachable

The connection could not be restored.

Session expired

The server has moved on; the page needs a fresh start.